 Dungeon Crawl Stone Soup version 0.29.0-10-g45618ea6d2 (webtiles) character file.

Game seed: 3865768990475092789

9 VictoriousLee the Shooter (level 2, 0/17 HPs)
             Began as a Tengu Hunter on Sept 1, 2022.
             Succumbed to a kobold's poison
             ... on level 1 of the Dungeon.
             The game lasted 00:01:09 (206 turns).

VictoriousLee the Shooter (Tengu Hunter)             Turns: 206, Time: 00:01:10

Health: 0/17       AC:  5    Str: 11    XL:     2   Next: 12%
Magic:  3/3        EV: 11    Int:  9    God:
Gold:   12         SH:  0    Dex: 17    Spells: 1/1 levels left

rFire   . . .      SeeInvis .   a - +0 shortbow
rCold   . . .      Faith    .   (shield currently unavailable)
rNeg    . . .      Spirit   .   d - +0 ring mail
rPois   .          Reflect  .   (helmet restricted)
rElec   .          Harm     .   (no cloak)
rCorr   .          Rampage  .   (no gloves)
Will    .....                   (boots unavailable)
Stlth   +.........              (no amulet)
HPRegen 0.05/turn               (no ring)
MPRegen 0.08/turn               (no ring)

@: lethally poisoned (0 -> -6), attractive
A: beak, talons 3
a: no special abilities


You were on level 1 of the Dungeon.
You visited 1 branch of the dungeon, and saw 1 of its levels.

You collected 12 gold pieces.

Inventory:

Hand Weapons
 a - a +0 shortbow (weapon)
Missiles
 e - 5 poisoned darts
Armour
 c - a +0 leather armour
 d - a +0 ring mail (worn)
Magical Staves
 f - a staff of conjuration
Scrolls
 b - a scroll of immolation
 i - a scroll of teleportation {unknown}
Potions
 h - a potion of resistance {unknown}


   Skills:
 - Level 2.0 Fighting
 + Level 4.9 Ranged Weapons
 - Level 2.1 Dodging
 - Level 1.0 Stealth


You had one spell level left.
You didn't know any spells.
Your spell library was empty.

Dungeon Overview and Level Annotations

Branches:
Dungeon (1/15)

Altars:


Innate Abilities, Weirdness & Mutations

You have a beak for a mouth.
You have claws for feet.


Message History

You shoot an arrow. The arrow hits the bat.
The bat is severely wounded.
The bat hits you but does no damage.
A kobold comes into view. It is wielding a +2 dagger of venom.
You shoot an arrow. The arrow misses the bat.
The bat hits you. The bat barely misses you. The bat misses you.
The bat barely misses you. The bat closely misses you.
The bat hits you but does no damage. The bat attacks as you move away!
The bat hits you but does no damage. x2
The bat barely misses you.
You shoot an arrow. The arrow barely misses the bat.
The bat barely misses you. The bat hits you but does no damage.
The kobold hits you with a +2 dagger of venom.
You are poisoned.
The kobold attacks as you move away! The kobold hits you but does no damage.
You are lethally poisoned!
You feel very sick. The bat barely misses you.
You feel very sick. The bat hits you but does no damage.
The bat attacks as you move away! The bat barely misses you.
You feel very sick. The bat hits you.
* * * LOW HITPOINT WARNING * * *
* * * LOW HITPOINT WARNING * * *
You feel sick. The bat hits you but does no damage.
You are too injured to fight recklessly!
It was a potion of attraction.
You feel attractive to monsters.
* * * LOW HITPOINT WARNING * * *
You feel sick. The bat hits you but does no damage. The bat closely misses you.
You are too injured to fight recklessly!
Fire: a) +0 shortbow
Press: ? - help, Q - select action, (/) - cycle Shift-Dir - straight line, f - kobold, p - bat
Aim: a kobold, wielding a +2 dagger of venom (56% to hit)
You shoot an arrow. The arrow barely misses the bat.
The arrow closely misses the kobold.
You die...

...........†...#...##......
............#...##.#.......
.........#..#.#....#.......
.......#...##.####.........
............#.####.........
...###........##...........
.. #...........#†........
#...........#.bK....####
#.#.........#@##..###
#.#............#..#
..................#
.#........#.....##########
............#..###......##
##...........###........##
###.....#..............#
#....#................#
#.....######......)....#


You could see a bat and a kobold.

Vanquished Creatures
  3 bats (D:1)
  2 endoplasms (D:1)
  A hobgoblin (D:1)
  A frilled lizard (D:1)
  2 rats (D:1)
9 creatures vanquished.

Notes
Turn   | Place    | Note
-------+----------+-------------------------------------------
     0 | D:1      | VictoriousLee the Tengu Hunter began the quest for the Orb.
     0 | D:1      | Reached XP level 1. HP: 12/12 MP: 2/2
    83 | D:1      | Reached XP level 2. HP: 17/17 MP: 3/3
   206 | D:1      | Succumbed to a kobold's poison

Illustrated notes

Levels and vault maps discovered:
D:1:      lightli_arrival_statue_moat, layout_rooms

Action                   || total
-------------------------++-------
 Fire: Shortbow          ||    27
  Use: Potion            ||     1
Armor: Ring mail         ||    11
Dodge: Dodged            ||    16
